Map: Stasis LE

Players

Smileblind

  • Race: Terran Terran
  • League: Silver
  • Spawn Location: 11:00

Nocturnian - Winner!

  • Race: Terran Terran
  • League: Silver
  • Spawn Location: 1:00

VOD

Have the link to the VOD?

Description

Time

  • Played on: Jan. 16, 2019, 12:40 a.m.
  • Length: 16:01
Show
View Real Time Build Order
Export as new Build Order

Smileblind Terran 

Build Orders: Liberator Opening 

Get SALT Encoding   

  12  0:02  SCV  
  13  0:14  SCV  
  14  0:24  Supply Depot  
  14  0:28  SCV  
  15  0:43  Refinery  
  15  0:45  SCV  
  16  0:52  Barracks  
  16  0:57  SCV  
  16  1:03  Supply Depot  
  17  1:10  SCV  
  18  1:22  SCV  
  19  1:26  Supply Depot  
  19  1:34  SCV  
  20  1:48  Factory  
  20  1:50  Marine  
  21  2:06  Bunker  
  21  2:08  Marine  
  21  2:09  SCV  
  23  2:19  Refinery  
  23  2:21  SCV  
  24  2:26  Marine  
  25  2:33  SCV  
  25  2:35  Factory Tech Lab  
  26  2:44  Marine  
  26  2:49  Command Center  
  27  3:02  Starport  
  27  3:09  Siege Tank  
  27  3:11  Marine  
  31  3:26  SCV  
  32  3:29  Marine  
  33  3:41  Cyclone  
  33  3:44  Liberator  
  33  3:47  Marine  
  40  4:08  SCV  
  42  4:11  Orbital Command  
  42  4:20  SCV  
  42  4:22  Reaper  
  43  4:32  SCV  
  43  4:37  Refinery  
  44  4:44  SCV  
  45  4:54  Reaper  
  45  4:56  SCV  
  45  4:57  Refinery  
  47  5:07  Starport Tech Lab  
  47  5:08  SCV  
  47  5:09  Cyclone  
  51  5:20  SCV  
  52  5:26  Marine  
  53  5:32  SCV  
  54  6:52  Supply Depot  
  54  7:04  Raven, Marine  
  54  7:13  SCV, Cyclone  
  58  7:15  Supply Depot  
  58  7:21  Marine  
  59  7:25  SCV, Cloaking Field  
  60  7:37  SCV  
  60  7:39  Marine  
  60  7:41  Supply Depot  
  62  7:45  Cyclone  
  62  7:46  Banshee  
  62  7:49  SCV  
  69  8:02  SCV  
  70  8:17  Cyclone  
  73  8:29  Banshee  
  74  8:45  Hyperflight Rotors, Supply Depot  
  74  8:49  Cyclone, Marine  
  78  9:02  SCV  
  77  9:07  Marine  
  78  9:12  Banshee  
  78  9:14  SCV  
  82  9:22  Cyclone  
  85  9:25  Marine  
  85  9:28  Engineering Bay  
  86  9:37  Supply Depot  
  86  9:58  SCV, Cyclone, Banshee, Marine  
  94  10:16  SCV, Marine  
  90  10:26  Terran Infantry Weapons Level 1  
  91  10:28  SCV  
  91  10:30  Cyclone  
  94  11:06  Marine  
  54  11:30  Raven  
  53  11:34  Siege Tank  
  53  11:37  Marine  
  57  11:51  SCV  
  57  11:52  Missile Turret  
  58  11:55  Marine  
  59  12:03  SCV  
  59  12:06  Siege Tank  
  63  12:12  Raven  
  63  12:13  Marine  
  63  12:15  SCV  
  67  12:26  Corvid Reactor  
  67  12:30  Marine  
  67  12:32  Command Center  
  68  12:39  Siege Tank  
  71  12:48  Marine  
  72  12:55  Raven  
  74  13:01  Factory  
  74  13:11  Siege Tank  
  77  13:13  Refinery  
  77  13:15  Refinery  
  77  13:29  Marine  
  78  13:38  Raven  
  80  13:43  Siege Tank  
  80  13:47  Marine  
  84  13:49  Supply Depot  
  84  13:56  Factory Tech Lab  
  84  14:04  Marine, Planetary Fortress  
  85  14:13  Supply Depot  
  85  14:15  Siege Tank  
  88  14:19  Siege Tank  
  88  14:21  Raven  
  88  14:22  Marine  
  94  14:31  Factory  
  94  14:35  Supply Depot  
  92  14:40  Marine  
  91  14:47  Siege Tank  
  91  14:51  Siege Tank  
  91  14:52  Command Center  
  97  14:57  Supply Depot  
  97  14:58  Marine  
  98  15:04  Raven  
  98  15:16  Marine  
  98  15:19  Supply Depot, Siege Tank  
  102  15:23  Siege Tank  
  105  15:41  Supply Depot  
Show
View Real Time Build Order
Export as new Build Order

Nocturnian Terran - Winner!

Build Orders:  

Get SALT Encoding   

  12  0:01  SCV  
  13  0:13  SCV  
  14  0:19  Supply Depot  
  14  0:25  SCV  
  15  0:32  Refinery  
  15  0:40  SCV  
  16  0:48  Barracks  
  16  0:58  SCV  
  16  0:59  Supply Depot  
  17  1:10  SCV  
  18  1:23  SCV  
  19  1:33  Refinery  
  19  1:35  SCV  
  20  1:41  Marine  
  21  1:47  SCV  
  21  1:49  Factory  
  22  1:59  SCV, Marine  
  24  2:05  Supply Depot  
  24  2:11  SCV  
  25  2:19  Barracks Tech Lab  
  25  2:23  SCV  
  25  2:28  Barracks  
  26  2:35  SCV  
  26  2:36  Supply Depot  
  27  2:40  Factory Tech Lab  
  27  2:47  SCV  
  27  2:49  Starport  
  28  2:51  Marine  
  32  3:05  Siege Tank  
  32  3:09  Marine  
  33  3:15  Orbital Command  
  33  3:18  Barracks Reactor  
  33  3:28  Starport Tech Lab  
  33  3:30  Engineering Bay  
  33  3:32  Marine  
  34  3:50  Marine  
  34  3:52  Medivac  
  37  4:02  Starport  
  37  4:08  Marine  
  38  4:16  Missile Turret  
  38  4:26  Marine  
  38  4:28  Marine x2  
  41  4:32  Banshee  
  41  4:37  Missile Turret  
  44  4:39  Siege Tank  
  47  4:59  Missile Turret  
  47  5:02  Supply Depot  
  47  5:07  Supply Depot  
  47  5:14  Starport Tech Lab  
  47  5:19  Missile Turret  
  47  5:20  Supply Depot  
  47  5:23  Marine x3  
  47  5:24  Supply Depot  
  50  5:41  Siege Tank, Marine x3  
  56  5:59  Marine x3  
  56  6:01  Banshee  
  62  6:05  Cloaking Field  
  62  6:08  Command Center  
  62  6:17  Marine x2  
  64  6:35  Marine x2  
  64  6:36  Marine  
  64  6:38  Banshee  
  70  6:53  Marine x3  
  73  7:09  SCV  
  74  7:21  SCV  
  75  7:24  Rapid Reignition System  
  75  7:29  Orbital Command  
  75  7:33  SCV  
  76  7:39  Refinery, Marine x3  
  79  7:45  SCV  
  79  7:48  Raven  
  82  7:53  Viking  
  82  7:57  SCV, Marine x3  
  88  8:06  Supply Depot  
  88  8:15  Marine x3  
  91  8:28  Missile Turret, Supply Depot  
  91  8:33  Marine x3  
  94  8:48  Missile Turret  
  94  8:49  Missile Turret  
  94  8:51  Supply Depot  
  94  8:58  Refinery  
  94  9:03  Barracks  
  94  9:06  Missile Turret  
  94  9:10  Missile Turret  
  94  9:12  Terran Infantry Weapons Level 1  
  94  9:16  Fusion Core  
  94  9:30  Missile Turret  
  94  9:43  Banshee x2  
  100  9:51  Factory  
  100  10:01  Command Center  
  100  10:06  Armory  
  98  10:12  Missile Turret  
  95  10:15  Missile Turret  
  92  10:21  Missile Turret x2, Marine  
  92  10:22  Marine x2  
  95  10:39  Marine x2  
  95  10:40  Marine  
  98  10:44  Refinery  
  98  10:57  Starport, Marine x3  
  101  11:05  Missile Turret  
  101  11:06  Terran Infantry Armor Level 1  
  101  11:07  Missile Turret, Weapon Refit  
  101  11:15  Marine x3  
  101  11:16  Refinery  
  104  11:27  Barracks Reactor  
  104  11:32  Factory Tech Lab  
  104  11:33  Marine  
  104  11:36  Starport  
  105  11:40  Missile Turret  
  105  11:50  Orbital Command  
  105  12:00  Terran Ship Weapons Level 1  
  105  12:01  Missile Turret  
  105  12:06  Starport Tech Lab  
  105  12:07  Banshee x2  
  111  12:16  Starport Tech Lab  
  111  12:20  SCV, Missile Turret  
  112  12:33  SCV  
  113  12:37  Siege Tank  
  113  12:39  Marine x2  
  113  12:42  Missile Turret  
  118  12:45  Marine x3  
  118  12:50  Raven  
  123  12:53  Supply Depot  
  123  12:57  Marine x2  
  125  13:00  Hi-Sec Auto Tracking  
  125  13:03  Marine x3  
  128  13:09  Siege Tank  
  131  13:14  Marine  
  131  13:15  Supply Depot, Marine  
  133  13:21  Marine x3  
  136  13:32  Marine x2  
  138  13:37  Battlecruiser  
  138  13:38  Supply Depot  
  138  13:39  Marine x3  
  147  13:54  Terran Vehicle And Ship Armor Level 1  
  147  13:55  Marine x2  
  149  13:59  Marine x3  
  149  14:01  Supply Depot  
  152  14:13  Marine x2  
  152  14:15  Siege Tank  
  157  14:22  Marine x3  
  157  14:23  Supply Depot  
  160  14:30  Marine  
  160  14:31  Marine  
  162  14:48  Siege Tank, Marine x2  
  164  14:55  Missile Turret  
  164  15:20  Siege Tank  
  164  15:30  Supply Depot  
Tags
 
Matchup
TvT
Race
Terran
Spawn Locations
Close Positions
Add a new tag
Caveats
  • Supply blocks, unpowered buildings, or Contaminate may cause inaccurate times.
  • Supply counts are checked every 10 seconds.